 Dungeon Crawl Stone Soup version 0.22.0 (webtiles) character file.

32576 PrincessPwny the Bludgeoner (level 13, -3/119 HPs)
             Began as a Minotaur Berserker on Oct 20, 2018.
             Was the Champion of Trog.
             Slain by a dire flail of the Whale {chaos, Dex+2} (9 damage)
             ... on level 4 of the Lair of Beasts.
             The game lasted 00:18:23 (14719 turns).

PrincessPwny the Bludgeoner (Minotaur Berserker)   Turns: 14719, Time: 00:18:24

Health: -3/119     AC: 26    Str: 23    XL:     13   Next: 32%
Magic:  4/12       EV: 19    Int:  4    God:    Trog [******]
Gold:   1032       SH:  0    Dex: 14    Spells: 12/12 levels left

rFire    . . .     SeeInvis .   L - +7 great mace (protect)
rCold    . . .     Gourm    .   (shield currently unavailable)
rNeg     . . .     Faith    .   e - +7 plate armour
rPois    +         Spirit   .   (helmet restricted)
rElec    .         Reflect  .   s - +0 cloak
rCorr    .         Harm     .   (no gloves)
MR       .....                  (no boots)
Stlth    ..........             (no amulet)
HPRegen  0.29/turn              u - +6 ring of evasion
MPRegen  0.13/turn              t - ring of poison resistance

@: confused, slowed, drained, very slow
A: retaliatory headbutt, horns 2, iridescent scales 1, deterioration 1
a: Berserk, Trog's Hand, Brothers in Arms, Renounce Religion


You were on level 4 of the Lair of Beasts.
You worshipped Trog.
Trog was exalted by your worship.
You were not hungry.

You visited 2 branches of the dungeon, and saw 16 of its levels.

You collected 1032 gold pieces.

Inventory:

Hand Weapons
 B - a +2 antimagic great mace
 D - a +1 morningstar of protection
 L - a +7 great mace of protection (weapon)
Armour
 b - a +0 animal skin
 e - a +7 plate armour (worn)
 q - a +0 chain mail of fire resistance
 s - a +0 cloak (worn)
Jewellery
 g - an uncursed amulet of magic regeneration
 n - an uncursed ring of ice
 r - an uncursed ring of stealth
 t - a ring of poison resistance (right hand)
 u - a +6 ring of evasion (left hand)
Wands
 f - a wand of iceblast (4)
 o - a wand of polymorph (32)
 v - a wand of clouds (5)
 y - a wand of flame (28)
 E - a wand of acid (5)
Scrolls
 l - 7 scrolls of teleportation
 w - a scroll of torment {unknown}
 x - 4 scrolls of remove curse {@r2}
 A - 5 scrolls of random uselessness
 C - 2 scrolls of fog
 G - 2 scrolls of blinking
Potions
 d - 8 potions of curing {@q1}
 h - 4 potions of lignification
 i - 2 potions of cancellation
 j - 3 potions of heal wounds
 k - 2 potions of resistance
 m - 4 potions of flight
 p - a potion of berserk rage
 z - a potion of invisibility
 H - 2 potions of agility
 I - 3 potions of brilliance
 K - 2 potions of magic
 M - 2 potions of haste
Comestibles
 a - 4 chunks of flesh
 c - 27 rations


   Skills:
 + Level 12.6(12.3) Fighting
 * Level 16.6(16.3) Maces & Flails
 + Level 12.3(12.0) Armour
 + Level 11.4(11.1) Dodging


You had 12 spell levels left.
You didn't know any spells.
Your spell library was empty.

Dungeon Overview and Level Annotations

Branches:
Dungeon (12/15)            Temple (0/1) D:5            Lair (4/6) D:10
 Shoals (0/4) Lair:2          Orc (0/2) D:11
  Snake: Lair:2-4    Spider: Lair:2-4

Altars:
Fedhas
Hepliaklqana
Makhleb
Sif Muna
Uskayaw
Vehumet
Xom
Beogh

Shops:
D:6 :   D:9 (   D:11 ?

Annotations:
Lair:4 exclusion: oklob plant, lepoulpe303's ghost, journeyman GrFi


Innate Abilities, Weirdness & Mutations

You reflexively headbutt those who attack you in melee.
You have a pair of horns on your head.
You are partially covered in iridescent scales. (AC +2)
Your body sometimes deteriorates upon taking damage.


Message History

The jewelled dire flail {chaos} hits you!
* * * LOW HITPOINT WARNING * * *
The jewelled dire flail {chaos} hits you.
* * * LOW HITPOINT WARNING * * *
The jewelled dire flail {chaos} freezes you.
* * * LOW HITPOINT WARNING * * *
You're too confused!
You bump into the stone wall.
The jewelled dire flail {chaos} barely misses you.
Lepoulpe303's ghost screams, "Zot is a myth, the ORB is a fable, you'll soon be a tale!"
The jewelled dire flail {chaos} hits you!
* * * LOW HITPOINT WARNING * * *
You feel your power leaking away.
The jewelled dire flail {chaos} hits you.
* * * LOW HITPOINT WARNING * * *
You feel your power leaking away.
The jewelled dire flail {chaos} barely misses you.
You bump into the stone wall.
The jewelled dire flail {chaos} hits you!
You die...

####..#.#..).## #.##.#
#..#
#..#.#.....####..#.###..##
###.........#.#.##..#P...#
##............##.###.###
#...............###.#
###.............รท...#
...........#..##.#.###
###.#......#..#...##
#..#P...##@(W...#.#
##......#.##'##..##
.........#._?#.##
....#.#####.#### # ###


You could see a dire flail of the Whale {chaos, Dex+2} and lepoulpe303's ghost.

Vanquished Creatures
  The ghost of azisjoha the Carver, a journeyman GnBe of Trog (Lair:3)
  The ghost of Raine357 the Fighter, a journeyman CeCK of Xom (Lair:3)
  The ghost of spsoon the Carver, a journeyman FoFi of Okawaru (Lair:3)
  The ghost of catcat the Grappler, a journeyman TrFi of Okawaru (Lair:3)
  The ghost of loopi the Fighter, a journeyman GnWn of Okawaru (D:11)
  4 hydras
  A catoblepas (Lair:3)
  2 two-headed ogres (D:11)
  Urug (Lair:2)
  The ghost of Kave the Ruffian, a novice TrTm of Sif Muna (D:8)
  An ugly thing (D:11)
  2 manticores
  5 elephants (Lair:3)
  A black mamba (Lair:4)
  A spiny frog (Lair:1)
  3 rime drakes
  5 komodo dragons
  2 trolls (D:10)
  The ghost of Mejhem the Basher, an amateur MiBe of Trog (D:4)
  2 hornets
  A slime creature (Lair:2)
  2 dream sheep (D:9)
  7 hippogriffs
  Sigmund (D:2)
  2 spriggans (D:8)
  2 wyverns
  A basilisk (Lair:1)
  28 yaks
  A hungry ghost (D:11)
  5 vampire mosquitoes (Lair:3)
  A steam dragon (Lair:3)
  A soldier ant (D:10)
  An acid dragon (D:11)
  5 water moccasins
  A swamp drake (Lair:3)
  4 orc warriors
  7 porcupines
  3 ice beasts
  3 black bears
  3 sky beasts
  5 wolves
  5 centaurs
  5 ogres
  4 crocodiles
  3 big kobolds (D:9)
  15 bullfrogs
  A gnoll sergeant (D:10)
  A water moccasin zombie (D:8)
  A scorpion (D:4)
  4 killer bees (D:8)
  3 wights (D:9)
  A howler monkey (D:5)
  8 crimson imps
  A bullfrog zombie (D:5)
  3 centaur zombies
  12 jellies
  12 orc priests
  12 hounds
  A centaur skeleton (D:5)
  10 orc wizards
  A bullfrog skeleton (D:10)
  2 iguanas
  9 worker ants
  Natasha (thrice) (D:3)
  A hound zombie (D:11)
  A mummy (D:4)
  2 howler monkey zombies
  2 worker ant zombies (D:5)
  8 adders
  11 gnolls
  A howler monkey skeleton (D:7)
  6 shadow imps
  13 oozes
  An adder skeleton (D:4)
  5 worms
  3 dart slugs
  6 leopard geckos
  77 orcs
  7 bats
  11 giant cockroaches
  9 goblins
  11 hobgoblins
  14 jackals
  5 quokkas
  3 ball pythons
  7 frilled lizards
  A jackal skeleton (D:6)
  12 kobolds
  3 quokka skeletons
  A quokka zombie (D:7)
  4 rats
463 creatures vanquished.

Vanquished Creatures (others)
  A bullfrog (Lair:3)
  A bush (Lair:3)
  15 fungi
  11 plants
  2 withered plants (Lair:3)
30 creatures vanquished.

Grand Total: 493 creatures vanquished

Notes
Turn   | Place    | Note
-------+----------+-------------------------------------------
     0 | D:1      | PrincessPwny the Minotaur Berserker began the quest for the Orb.
     0 | D:1      | Reached XP level 1. HP: 19/19 MP: 0/0
   284 | D:1      | Reached XP level 2. HP: 21/27 MP: 1/1
   288 | D:1      | Reached skill level 4 in Maces & Flails
   511 | D:1      | Reached ** piety under Trog
   597 | D:1      | Reached XP level 3. HP: 33/33 MP: 2/2
   869 | D:2      | Noticed Sigmund
   877 | D:2      | Killed Sigmund
   877 | D:2      | Reached skill level 5 in Maces & Flails
   877 | D:2      | Reached XP level 4. HP: 41/41 MP: 3/3
   877 | D:2      | Reached XP level 5. HP: 47/47 MP: 4/4
  1115 | D:2      | Reached *** piety under Trog
  1354 | D:3      | Reached XP level 6. HP: 55/55 MP: 5/5
  1357 | D:3      | Reached skill level 6 in Maces & Flails
  1488 | D:3      | Noticed Natasha
  1497 | D:3      | Killed Natasha
  1732 | D:3      | Reached skill level 5 in Fighting
  1732 | D:3      | Noticed Natasha
  1744 | D:3      | Killed Natasha
  2063 | D:3      | Noticed Natasha
  2076 | D:3      | Killed Natasha
  2429 | D:4      | Found a transporter.
  2430 | D:4      | Noticed Mejhem's ghost (amateur MiBe)
  2434 | D:4      | Found a transporter.
  2476 | D:4      | Reached **** piety under Trog
  2486 | D:4      | Reached XP level 7. HP: 6/61 MP: 6/6
  2986 | D:4      | Reached skill level 7 in Maces & Flails
  3252 | D:5      | Entered Level 5 of the Dungeon
  3272 | D:5      | Reached skill level 5 in Armour
  3280 | D:5      | Found a staircase to the Ecumenical Temple.
  3839 | D:5      | Found a blossoming altar of Fedhas.
  3933 | D:5      | Reached skill level 8 in Maces & Flails
  3985 | D:5      | Reached XP level 8. HP: 64/70 MP: 7/7
  4124 | D:5      | Reached skill level 5 in Dodging
  4264 | D:4      | Killed Mejhem's ghost
  4672 | D:6      | Found Ystuaman's Book Emporium.
  4684 | D:6      | Reached skill level 9 in Maces & Flails
  4866 | D:6      | You fall through a shaft for 3 floors!
  4866 | D:9      | Noticed a hornet
  4876 | D:9      | Killed a hornet
  4909 | D:9      | Noticed a dream sheep
  4934 | D:9      | Reached XP level 9. HP: 70/79 MP: 8/8
  4946 | D:9      | Reached skill level 10 in Maces & Flails
  5001 | D:9      | Noticed a three-headed hydra
  5007 | D:9      | Killed a three-headed hydra
  5015 | D:9      | Reached skill level 11 in Maces & Flails
  5095 | D:7      | Got a bloodstained shield
  5102 | D:7      | Identified the +0 shield "Voreoch" {Int+6 Dex+2 Slay-5 Stlth+} (You found it on level 7 of the Dungeon)
  6027 | D:6      | Reached XP level 10. HP: 80/90 MP: 9/9
  6174 | D:6      | Reached ***** piety under Trog
  6184 | D:6      | Received a gift from Trog
  6618 | D:8      | Found a runed door.
  6620 | D:8      | Noticed Kave's ghost (novice TrTm)
  6646 | D:8      | Found a radiant altar of Vehumet.
  6698 | D:8      | Found a hide-covered altar of Uskayaw.
  7188 | D:8      | Reached skill level 12 in Maces & Flails
  7195 | D:8      | Killed Kave's ghost
  7219 | D:8      | Got a transparent spear {vamp}
  7769 | D:9      | Received a gift from Trog
  7818 | D:9      | Found Cebusis's Antique Weapon Shoppe.
  8218 | D:9      | Reached XP level 11. HP: 99/99 MP: 10/10
  8339 | D:9      | Reached skill level 13 in Maces & Flails
  8521 | D:10     | Entered Level 10 of the Dungeon
  8555 | D:10     | Reached skill level 10 in Fighting
  8806 | D:10     | Found a deep blue altar of Sif Muna.
  9058 | D:10     | Found a staircase to the Lair.
  9235 | D:10     | Reached skill level 10 in Armour
  9492 | D:10     | Found a burning altar of Makhleb.
  9494 | D:10     | Noticed a balrug
  9818 | D:11     | Noticed a two-headed ogre
  9827 | D:11     | Killed a two-headed ogre
  9868 | D:11     | Noticed a cyan ugly thing
  9882 | D:11     | Killed a cyan ugly thing
 10088 | D:11     | Found a runed door.
 10090 | D:11     | Noticed loopi's ghost (journeyman GnWn)
 10108 | D:11     | Reached skill level 14 in Maces & Flails
 10118 | D:11     | Received a gift from Trog
 10131 | D:11     | Found a roughly hewn altar of Beogh.
 10144 | D:11     | Found a staircase to the Orcish Mines.
 10347 | D:11     | Killed loopi's ghost
 10350 | D:11     | Found Plog's Magic Scroll Shop.
 10490 | D:11     | Noticed a two-headed ogre
 10496 | D:11     | Killed a two-headed ogre
 10750 | D:11     | Noticed a six-headed hydra
 10761 | D:11     | Killed a six-headed hydra
 10761 | D:11     | Reached XP level 12. HP: 77/110 MP: 11/11
 11081 | Lair:1   | Entered Level 1 of the Lair of Beasts
 11090 | Lair:1   | Reached skill level 10 in Dodging
 11135 | Lair:1   | Got a polished helmet
 11750 | Lair:1   | Identified the cursed +0 helmet of Words of Power {Str+4 Stlth+} (You found it on level 1 of the Lair of Beasts)
 11831 | Lair:2   | Reached skill level 15 in Maces & Flails
 11864 | Lair:2   | Noticed Urug
 11886 | Lair:2   | Killed Urug
 12103 | Lair:2   | Found a staircase to the Shoals.
 12969 | Lair:3   | Noticed a catoblepas
 13006 | Lair:3   | Killed a catoblepas
 13569 | Lair:3   | Gained mutation: Your spells are a little easier to cast, but a little less powerful. [potion of mutation]
 13569 | Lair:3   | Gained mutation: You are dopey. (Int -2) [potion of mutation]
 13569 | Lair:3   | Lost mutation: You are dopey. (Int -2) [potion of mutation]
 13570 | Lair:3   | Lost mutation: Your spells are a little easier to cast, but a little less powerful. [potion of mutation]
 13570 | Lair:3   | Gained mutation: Your body sometimes deteriorates upon taking damage. [potion of mutation]
 13570 | Lair:3   | Gained mutation: You are partially covered in iridescent scales. (AC +2) [potion of mutation]
 13649 | Lair:3   | Reached skill level 16 in Maces & Flails
 13669 | Lair:3   | Found a runed gate.
 13669 | Lair:3   | Found a runed gate.
 13671 | Lair:3   | Found a runed gate.
 13759 | Lair:3   | Noticed spsoon's ghost (journeyman FoFi)
 13761 | Lair:3   | Noticed catcat's ghost (journeyman TrFi)
 13762 | Lair:3   | Noticed Raine357's ghost (journeyman CeCK)
 13763 | Lair:3   | Noticed azisjoha's ghost (journeyman GnBe)
 13781 | Lair:3   | Killed azisjoha's ghost
 13791 | Lair:3   | Killed Raine357's ghost
 13796 | Lair:3   | Killed spsoon's ghost
 13796 | Lair:3   | Reached XP level 13. HP: 114/118 MP: 12/12
 13807 | Lair:3   | Killed catcat's ghost
 14067 | Lair:3   | Reached ****** piety under Trog
 14593 | Lair:4   | Found a runed door.
 14593 | Lair:4   | Found a shimmering altar of Xom.
 14593 | Lair:4   | Noticed lepoulpe303's ghost (journeyman GrFi)
 14666 | Lair:4   | Found a hazy altar of Hepliaklqana.
 14709 | Lair:4   | Paralysed by a jewelled dire flail {chaos} for 2 turns
 14719 | Lair:4   | Identified the +5 dire flail of the Whale {chaos, Dex+2}
 14719 | Lair:4   | Slain by a dire flail of the Whale {chaos, Dex+2}

Skill      XL: |  1  2  3  4  5  6  7  8  9 10 11 12 |
---------------+-------------------------------------+-----
Maces & Flails | 4 5 6 8 9 11 12 14 16 | 16.6
Fighting       | 4 5 6 7 8 9 11 12 | 12.6
Armour         | 3 4 5 6 8 9 10 12 | 12.3
Dodging        | 3 4 6 7 8 9 11 | 11.4

Action                   |  1- 3 |  4- 6 |  7- 9 | 10-12 | 13-15 || total
-------------------------+-------+-------+-------+-------+-------++-------
Melee: Mace              |    73 |   189 |   183 |       |       ||   445
       Headbutt          |    10 |    27 |    58 |   173 |    26 ||   294
       Dire flail        |       |       |   152 |   614 |       ||   766
       Great mace        |       |       |       |   157 |    81 ||   238
Invok: Berserk           |     1 |     1 |     3 |     2 |       ||     7
       Trog's Hand       |       |       |     3 |     2 |       ||     5
  Use: Scroll            |       |     7 |    12 |    15 |     2 ||    36
       Potion            |       |     2 |       |     2 |       ||     4
  Eat: Chunk             |       |     6 |    13 |    24 |     3 ||    46
       Ration            |       |       |     1 |     1 |       ||     2
Armor: Animal skin       |     5 |       |       |       |       ||     5
       Plate armour      |    35 |   170 |   191 |   327 |    50 ||   773
       Skin              |       |     2 |       |       |       ||     2
Dodge: Dodged            |    35 |   103 |   137 |   536 |    90 ||   901
